Mandevil, lawful female dwarven Archeologist ---- --------- --..| ---- ---.--..|.-- |...| --.. |..........| ---.|.--- ---- |... |..........| ----...|...-- |..---- ---..----- |......--.-- --....-----..| |.....| |.....--.-- |--.---- -- |.....| |..| --.....-- |.........----------...| |-....| --.| ---...|..h| |......................-- |....-- |.| --.....-.@-- |.>......|...---.......)-- ---....--- |.---------........-- |...--..---..| |.........-- ---...|....|---|.................-- |.------- ---- |...|......| |...|.|....|.........---..*.....-| |.| |.----...).--- |...|.|........|---..| --.--.....-- -- |.| |.| |........| |...|.|---....-| ---- ----......| . |.| |.| --..*..<.| --.....| --.....| |......-- -.--.-- |.| ---.|.|.-- --....^.| |.....-- |......| -....--- |.| |...|---- |..|.|..- --....| ---..^...--------......| |.---.|.----- -----|...| |..--- |........................#* |.....|.....| --.-- |.-- |........----............* |....----...| --- --- ---------- --.---....... ------ ----- --- ------- Mandevil the Field Worker Experience level: 3 Strength: 11 Dexterity: 8 Constitution: 13 Intelligence: 16 Wisdom: 15 Charisma: 12 Health: 0(27) Energy: 10(10) AC: 9 Gold: 137 Moves: 699 Your Inventory: Coins $ - 137 gold pieces Weapons a - an uncursed +2 bullwhip (alternate weapon; not wielded) t - a [blessed +1] runed dagger [elven] Armor b - an uncursed +0 leather jacket (being worn) c - an uncursed +0 fedora (being worn) Comestibles d - 7 uncursed food rations u - an [uncursed] fortune cookie Spellbooks s - an [uncursed] spellbook of restore ability Potions j - an [uncursed] pink potion [of acid] v - a [blessed] indigo potion [of booze] Rings l - a [cursed -1] moonstone ring [of gain intelligence] p - a [cursed -1] shiny ring [of gain constitution] Wands o - an [uncursed] wand of light [0:13] Tools e - an uncursed +0 pick-axe (weapon in hand) f - an uncursed tinning kit (0:44) h - an uncursed sack i - an uncursed oil lamp (0:1012) k - an [uncursed] key [skeleton key] Gems g - an uncursed touchstone Spells known in the end: Name Level Category Fail Memory a - restore ability 4 healing 100% [||||||||] Your skills at the end: Fighting Skills Weapon Skills pick-axe [Basic / Expert] sling [Basic / Skilled] whip [Basic / Expert] Spellcasting Skills Final Attributes: You had sinned. Hunger level was 172. Your alignment was -7 / 13. Monster difficulty range was 0 - 3. Level difficulty was 3. You had infravision. You were stealthy. You were fast. Your luck was zero. You are dead. Vanquished creatures: a hobbit 2 large kobolds 4 gnomes a jackal a fox 2 kobolds a sewer rat 3 grid bugs 15 creatures vanquished. Voluntary challenges: You were an atheist. You went without food. You used a wielded weapon 14 times. You read items or engraved 9 times. You put on armor 2 times. You never genocided any monsters. You never polymorphed an object. You never changed form. You used no wishes. You wrote Elbereth's name 4 times. You never encountered a bones level. You never used any Sokoban shortcuts. Dungeon overview: The Dungeons of Doom: levels 1 to 2 Level 1 a long staircase Level 2 stairs to The Gnomish Mines The Gnomish Mines: Level 3 <- You were here stairs to The Dungeons of Doom History has recorded: On T:1 you entered the Dungeons of Doom to retrieve the Amulet of Yendor! On T:387 you reached level 2 of The Dungeons of Doom. On T:399 you reached level 1 of The Gnomish Mines. On T:423 you advanced to experience level 2. On T:575 you advanced to experience level 3. Latest messages: You continue digging. The wererat shoots a crossbow bolt! You are hit by a crossbow bolt! You stop digging. [HP-5=13] You continue digging. The wererat shoots a crossbow bolt! You are hit by a crossbow bolt! You stop digging. [HP-5=8] You write "Elbereth" with your fingers into the dust. You add "Elbereth" with your fingers to the writing in the dust. The wererat wields a thonged club! You add "Elbereth" with your fingers to the writing in the dust. You hit the wererat! The wererat swings her thonged club. The wererat hits! [HP-5=3] You add "Elbereth" with your fingers to the writing in the dust. You hit the wererat. The wererat swings her thonged club. The wererat hits! You die... Final status: Goodbye Mandevil the Archeologist... You died in The Gnomish Mines on dungeon level 3 with 420 points, and 137 pieces of gold, after 699 moves. You were level 3 with a maximum of 27 hit points when you died.